 Dungeon Crawl Stone Soup version 0.22.0-38-g04b72b8 (webtiles) character file.

201 Liatris the Chopper (level 5, -3/39 HPs)
             Began as a Demonspawn Gladiator on Aug 29, 2018.
             Succumbed to an orc wizard's poison
             ... on level 3 of the Dungeon.
             The game lasted 00:08:34 (2569 turns).

Liatris the Chopper (Demonspawn Gladiator)          Turns: 2569, Time: 00:08:35

Health: -3/39      AC:  5    Str: 13 (15) XL:     5   Next: 50%
Magic:  5/5        EV: 10    Int: 11 (14) God:
Gold:   139        SH:  7    Dex: 14 (15) Spells: 4/4 levels left

rFire    . . .     SeeInvis .   a - +0 war axe
rCold    . . .     Gourm    .   l - +0 shield
rNeg     . . .     Faith    .   b - +0 leather armour
rPois    .         Spirit   .   n - +0 helmet
rElec    .         Reflect  .   m - +0 cloak
rCorr    .         Harm     .   (no gloves)
MR       .....                  (no boots)
Stlth    ++++......             (no amulet)
HPRegen  0.13/turn              c - ring of stealth
MPRegen  0.09/turn              (no ring)

@: brilliant, lethally poisoned (-3 -> -57), flying
A: claws 1, nightstalker 1
a: no special abilities


You were on level 3 of the Dungeon.
You were not hungry.

You visited 1 branch of the dungeon, and saw 3 of its levels.

You collected 139 gold pieces.

Inventory:

Hand Weapons
 a - a +0 war axe (weapon)
Missiles
 d - 3 throwing nets (quivered)
Armour
 b - a +0 leather armour (worn)
 l - a +0 shield (worn)
 m - a +0 cloak (worn)
 n - a +0 helmet (worn)
Jewellery
 c - a ring of stealth (left claw)
Scrolls
 g - a scroll of immolation
 j - a scroll of identify
Potions
 p - a potion of brilliance
Comestibles
 f - a ration


   Skills:
 + Level 2.5 Fighting
 + Level 4.0 Axes
 + Level 1.8 Throwing
 + Level 1.7 Armour
 + Level 3.4 Dodging
 + Level 1.3 Stealth
 + Level 1.2 Shields


You had 4 spell levels left.
You didn't know any spells.
Your spell library was empty.

Dungeon Overview and Level Annotations

Branches:
Dungeon (3/15)

Altars:


Innate Abilities, Weirdness & Mutations

You have sharp fingernails.
You are slightly more attuned to the shadows.


Message History

You feel very sick.
You hear an angry hiss.
The orc hits you but does no damage. You block the orc's attack.
Something hits you but does no damage. The orc barely misses you.
The orc throws a stone.
The orc hits you but does no damage.
You slash the orc!
The orc is almost dead.
You closely miss something. You hit the orc.
* * * LOW HITPOINT WARNING * * *
You feel very sick. You block the orc's attack.
Something hits you but does no damage.
You are more poisoned.
The orc throws a stone.
The orc hits you with a short sword.
* * * LOW HITPOINT WARNING * * *
The orc closely misses you. Something completely misses you.
You hit the orc.
You kill the orc!
Your shield and leather armour prevent you from hitting something.
You barely miss the orc.
You die...

#.#*#..........,....#...,.,,,,,,
*#.#
####..#####,#.#....,..,,,,,,
.#.### #†## #.#.....,..******,
.....####.# #.#.#..#.#,* **
##......#.# #........#.*
###......#### *#....###*.###
###.......####o<....#*,..#***#
###........(oo.##.#**#.#*,..
#.......(@)..##.####.##...
#.....†.[..#.....†...<.<(.
#..........#.#.########...
#.†..)..#....#...,,,***,..
####...?..(....######*,,**,,.
**#...>......###......#**,,,,,,
*....>.......# ######..,,,****,
***.##.##.....## *****,*****
,,,,...#.....## *,,,,,,


You could see 3 orcs.

Vanquished Creatures
  A hound (D:2)
  Jessica (D:2)
  A worker ant (D:3)
  4 adders
  An ooze (D:2)
  4 worms (D:2)
  6 dart slugs
  3 leopard geckos
  2 orcs (D:3)
  2 giant cockroaches (D:1)
  9 goblins
  2 hobgoblins
  5 jackals
  A ball python (D:3)
  2 bats
  4 frilled lizards
  2 kobolds (D:1)
  5 rats
55 creatures vanquished.

Notes
Turn   | Place    | Note
-------+----------+-------------------------------------------
     0 | D:1      | Liatris the Demonspawn Gladiator began the quest for the Orb.
     0 | D:1      | Reached XP level 1. HP: 16/16 MP: 1/1
   372 | D:1      | Gained mutation: You are slightly more attuned to the shadows. [demonic ancestry]
   372 | D:1      | Reached XP level 2. HP: 15/22 MP: 2/2
   598 | D:1      | Reached skill level 3 in Axes
   635 | D:1      | Gained mutation: You have sharp fingernails. [demonic ancestry]
   635 | D:1      | Reached XP level 3. HP: 26/27 MP: 3/3
  1446 | D:2      | Reached skill level 1 in Armour
  1527 | D:2      | Reached XP level 4. HP: 33/33 MP: 4/4
  1535 | D:2      | Noticed Jessica
  1548 | D:2      | Killed Jessica
  1548 | D:2      | Reached skill level 1 in Stealth
  2036 | D:2      | Reached XP level 5. HP: 23/39 MP: 5/5
  2319 | D:3      | Reached skill level 1 in Shields
  2348 | D:3      | Reached skill level 4 in Axes
  2569 | D:3      | Succumbed to an orc wizard's poison

Skill      XL: |  1  2  3  4  5 |
---------------+----------------+-----
Dodging        | 3 |  3.4
Axes           | 3 4 |  4.0
Armour         | 1 |  1.7
Stealth        | 1 |  1.3
Shields        | 1 |  1.2
Fighting       | |  2.5
Throwing       | |  1.8

Action                   |  1- 3 |  4- 6 || total
-------------------------+-------+-------++-------
Melee: War axe           |   103 |    79 ||   182
  Use: Potion            |       |     4 ||     4
       Scroll            |       |     7 ||     7
 Stab: Sleeping          |     5 |     2 ||     7
       Distracted        |       |     1 ||     1
  Eat: Ration            |     1 |     1 ||     2
Armor: Leather armour    |    34 |    21 ||    55
Dodge: Dodged            |    75 |    31 ||   106
Block: Shield            |     8 |    36 ||    44
